 Dungeon Sprint DCSS version 0.27-a0-1391-g48c30b3128 (webtiles) character file.

Game seed: 6028608682656084602

92429 Conn the Sorcerer (level 16, 0/91 HPs)
             Began as an Octopode Fire Elementalist on July 1, 2021.
             Was the Champion of Sif Muna.
             Engulfed by a cloud of freezing vapour (4 damage)
             ... in the Dungeon (Sprint II: "The Violet Keep of Menkaure").
             The game lasted 01:57:58 (7066 turns).

Conn the Sorcerer (Octopode Fire Elementalist)      Turns: 7066, Time: 01:57:58

Health: 0/91       AC:  8    Str: 24    XL:     16   Next: 6%
Magic:  1/51       EV: 17    Int: 51    God:    Sif Muna [******]
Gold:   2402       SH: 14    Dex: 15    Spells: 7/57 levels left

rFire    + + +     SeeInvis .   i - +4 dagger of the Eel {vorpal, rPois Str+3 Int+7}
rCold    + + .     Faith    .   L - +2 shield of Resistance {rF++ rC++ Will++}
rNeg     + + .     Spirit   .   w - +3 hat of Pondering {ponderous, Will+ MP+10 Int+5}
rPois    +         Reflect  .   E - amulet "Ekir" {RegenMP Int+4 Stlth+}
rElec    +         Harm     .   j - ring "Wiwuim" {+Blink rElec rN+ rCorr Stlth-}
rCorr    +         Rampage  .   k - ring of fire
Will     ++++.     NoTele   +   N - ring of wizardry
Stlth    ++++++....             P - ring "Marchik" {AC+4 Str+6 Slay-6}
HPRegen  0.25/turn              T - +6 ring of intelligence
MPRegen  0.57/turn              y - ring "Puathaes" {Wiz rF++ Str+2}
                                X - ring "Asuloi" {rC+ rN+ Str+4 Dex+3}
                                S - +6 ring of intelligence

@: hasted, studying 2 skills, very quick
A: almost no armour, amphibious, 8 rings, camouflage 1, gelatinous body 1,
(nimble swimmer 1), tentacles
a: Renounce Religion, Evoke Blink, Channel Magic, Forget Spell, Divine Exegesis


You were in the Dungeon.
You worshipped Sif Muna.
Sif Muna was exalted by your worship.
You visited 1 branch You collected 11556 gold pieces.
You spent 9154 gold pieces at shops.

Inventory:

Hand Weapons
 i - the +4 dagger of the Eel (weapon) {vorpal, rPois Str+3 Int+7}
   (You bought it in a shop in the Dungeon)

   It inflicts extra damage upon your enemies.
   Str:       It affects your strength (+3).
   Int:       It affects your intelligence (+7).
   rPois:     It protects you from poison.
 m - a +0 shortbow of freezing
 B - the +7 long sword of Elagaega {venom, *Rage rC+ Int+3 Dex+3}
   (You found it in the Dungeon)

   It poisons the flesh of those it strikes.
   Int:       It affects your intelligence (+3).
   Dex:       It affects your dexterity (+3).
   rC:        It protects you from cold.
   *Rage:     It may make you go berserk in combat.
Missiles
 F - 3 atropa-tipped darts (quivered)
 G - 3 curare-tipped darts
Armour
 h - a +3 buckler
 w - the +3 hat of Pondering (worn) {ponderous, Will+ MP+10 Int+5}
   (You took it off Gastronok in the Dungeon)

   Int:       It affects your intelligence (+5).
   MP:        It affects your magic capacity (+10).
   Will:      It increases your willpower.
 K - a +1 buckler of protection
 L - the +2 shield of Resistance (worn) {rF++ rC++ Will++}
   (You acquired it in the Dungeon)

   rF:        It greatly protects you from fire.
   rC:        It greatly protects you from cold.
   Will:      It greatly increases your willpower.
Magical Staves
 x - a staff of fire
 D - a staff of conjuration
Jewellery
 j - the ring "Wiwuim" (left tentacle) {+Blink rElec rN+ rCorr Stlth-}
   (You bought it in a shop in the Dungeon)

   [ring of resist corrosion]

   rElec:     It insulates you from electricity.
   rN:        It protects you from negative energy.
   +Blink:    It lets you blink.
   rCorr:     It protects you from acid and corrosion.
   Stlth:     It makes you less stealthy.
 k - a ring of fire (right tentacle)
 n - an amulet of guardian spirit
 p - a +6 ring of dexterity
 u - a +6 ring of strength
 v - a ring of poison resistance
 y - the ring "Puathaes" (on tentacle) {Wiz rF++ Str+2}
   (You acquired it in the Dungeon)

   [ring of wizardry]

   It improves your spell success rate.Str: It affects your strength (+2).
   rF:        It greatly protects you from fire.
 z - a ring of magical power
 E - the amulet "Ekir" (around mantle) {RegenMP Int+4 Stlth+}
   (You acquired it in the Dungeon)

   [amulet of magic regeneration]

   It increases your rate of magic regeneration.Int: It affects your
   intelligence (+4).
   Stlth:     It makes you more stealthy.
 I - a ring of ice
 J - a ring of protection from cold
 N - a ring of wizardry (on tentacle)
 O - a ring of wizardry
 P - the ring "Marchik" (on tentacle) {AC+4 Str+6 Slay-6}
   (You bought it in a shop in the Dungeon)

   [ring of protection]

   AC:        It affects your AC (+4).
   Str:       It affects your strength (+6).
   Slay:      It affects your accuracy & damage with ranged weapons and melee
   (-6).
 Q - a ring of see invisible
 R - a ring of flight
 S - a +6 ring of intelligence (on tentacle)
 T - a +6 ring of intelligence (on tentacle)
 U - a ring of fire
 X - the ring "Asuloi" (on tentacle) {rC+ rN+ Str+4 Dex+3}
   (You took it off an orc priest in the Dungeon)

   [ring of positive energy]

   Str:       It affects your strength (+4).
   Dex:       It affects your dexterity (+3).
   rC:        It protects you from cold.
   rN:        It protects you from negative energy.
Wands
 H - a wand of paralysis (8)
Scrolls
 e - 6 scrolls of fear
 q - 5 scrolls of magic mapping
 t - a scroll of fog
 M - a scroll of enchant weapon {unknown}
 W - 2 scrolls of acquirement
Potions
 a - 9 potions of curing
 b - 2 potions of heal wounds
 c - 6 potions of haste
 d - 30 potions of magic
 g - 4 potions of lignification
 l - 12 potions of flight
 o - 3 potions of resistance
 r - 2 potions of brilliance
 V - a potion of cancellation {unknown}
 Y - 3 potions of mutation {unknown}
Miscellaneous
 s - a phial of floods
 A - a lightning rod (4/4)
 C - a lightning rod (4/4)


   Skills:
 + Level 2.4 Fighting
 + Level 9.4 Dodging
 - Level 12.0 Stealth
 - Level 10.0 Shields
 - Level 3.6 Unarmed Combat
 * Level 21.4 Spellcasting
 * Level 17.3 Conjurations
 + Level 1.4 Hexes
 + Level 3.0 Summonings
 + Level 8.1 Translocations
 - Level 6.0 Transmutations
 * Level 18.9 Fire Magic
 + Level 7.5 Air Magic
 + Level 10.1 Earth Magic
 + Level 9.2 Poison Magic
 - Level 7.0 Invocations
 * Level 4.2 Evocations


You had 7 spell levels left.
You knew the following spells:

 Your Spells              Type           Power      Damage    Failure   Level
a - Ignition              Fire           76%        3d20      1%          8
b - Iron Shot             Conj/Erth      57%        9d11      1%          6
c - Iskenderun's Mystic   Conj/Tloc      100%       2d19      1%          4
d - Orb of Destruction    Conj           62%        9d17      1%          7
e - Fireball              Conj/Fire      75%        3d28      0%          5
f - Blink                 Tloc           N/A        N/A       1%          2
g - Dispersal             Tloc           47%        N/A       1%          6
h - Mephitic Cloud        Conj/Pois/Air  100%       N/A       0%          3
i - Bolt of Magma         Conj/Fire/Erth 72%        4d28      0%          5
k - Petrify               Tmut/Erth      95%        N/A       1%          4

Your spell library contained the following spells:

 Spells                   Type           Power      Damage    Failure   Level
 Foxfire                  Conj/Fire      100%       2x1d9     0%          1
 Magic Dart               Conj           100%       1d8       0%          1
 Shock                    Conj/Air       100%       1d9       0%          1
 Sting                    Tmut/Pois      100%       1d8       0%          1
 Poisonous Vapours        Pois/Air       100%       N/A       0%          2
 Searing Ray              Conj           100%       3d7       0%          2
 Static Discharge         Conj/Air       100%       N/A       0%          2
 Conjure Flame            Conj/Fire      100%       6-21      0%          3
 Ignite Poison            Fire/Tmut/Pois 100%       N/A       0%          3
 Inner Flame              Hex/Fire       100%       N/A       0%          3
 Stone Arrow              Conj/Erth      100%       3d13      0%          3
 Sticky Flame             Conj/Fire      100%       2d11      0%          4
 Iskenderun's Battlesphe  Conj           100%       2d15      0%          5
 Animate Skeleton         Necr           100%       N/A       1%          1
 Corona                   Hex            68%        N/A       1%          1
 Pain                     Necr           100%       1d9       1%          1
 Summon Small Mammal      Summ           100%       N/A       1%          1
 Call Imp                 Summ           71%        N/A       1%          2
 Passwall                 Tmut/Erth      79%        N/A       1%          2
 Slow                     Hex            62%        N/A       1%          2
 Sublimation of Blood     Necr           26%        N/A       1%          2
 Call Canine Familiar     Summ           71%        N/A       1%          3
 Confusing Touch          Hex            62%        N/A       1%          3
 Dazzling Flash           Conj/Hex       100%       N/A       1%          3
 Gell's Gravitas          Tloc           47%        N/A       1%          3
 Portal Projectile        Hex/Tloc       100%       N/A       1%          3
 Spider Form              Tmut/Pois      46%        N/A       1%          3
 Summon Guardian Golem    Hex/Summ       67%        N/A       1%          3
 Swiftness                Air            93%        N/A       1%          3
 Teleport Other           Tloc           95%        N/A       1%          3
 Vampiric Draining        Necr           26%        2d9       1%          3
 Airstrike                Air            46%        N/A       1%          4
 Animate Dead             Necr           26%        N/A       1%          4
 Cause Fear               Hex            31%        N/A       1%          4
 Dispel Undead            Necr           53%        3d19      1%          4
 Fulminant Prism          Conj/Hex       50%        3d23      1%          4
 Ice Form                 Ice/Tmut       71%        N/A       1%          4
 Leda's Liquefaction      Hex/Erth       42%        N/A       1%          4
 Olgreb's Toxic Radiance  Pois           99%        N/A       1%          4
 Passage of Golubria      Tloc           N/A        N/A       1%          4
 Summon Ice Beast         Ice/Summ       63%        N/A       1%          4
 Summon Lightning Spire   Summ/Air       83%        N/A       1%          4
 Alistair's Intoxication  Tmut/Pois      62%        N/A       1%          5
 Freezing Cloud           Conj/Ice/Air   48%        6-21      1%          5
 Irradiate                Conj/Tmut      54%        3d31      1%          5
 Lee's Rapid Deconstruct  Erth           51%        3d25*     1%          5
 Lightning Bolt           Conj/Air       55%        1d77      1%          5
 Silence                  Hex/Air        39%        N/A       1%          5
 Summon Forest            Summ/Tloc      42%        N/A       1%          5
 Yara's Violent Unravell  Hex/Tmut       37%        3d15      1%          5
 Conjure Ball Lightning   Conj/Air       55%        3x3d20    1%          6
 Eringya's Noxious Bog    Tmut/Pois      46%        N/A       1%          6
 Starburst                Conj/Fire      75%        8x6d19    1%          6
 Statue Form              Tmut/Erth      63%        N/A       1%          6
 Spellforged Servitor     Conj/Summ      51%        N/A       1%          7
 Metabolic Englaciation   Hex/Ice        29%        N/A       2%          5
 Agony                    Necr           53%        N/A       4%          5
 Excruciating Wounds      Necr           26%        N/A       4%          5
 Invisibility             Hex            31%        N/A       11%         6
 Malign Gateway           Summ/Tloc      42%        N/A       11%         7
 Simulacrum               Ice/Necr       26%        N/A       19%         6
 Haunt                    Necr/Summ      31%        N/A       47%         7
 Ozocubu's Refrigeration  Ice            26%        4d10      67%         7
 Fire Storm               Conj/Fire      75%        8d19      8%          9
 Disjunction              Tloc           47%        N/A       28%         8
 Shatter                  Erth           51%        3d39*     86%         9
 Discord                  Hex            31%        N/A       98%         8
 Polar Vortex             Ice            26%        N/A       100%        9
 Animate Armour           Summ/Erth      Unusable   N/A       N/A         4

Dungeon Overview and Level Annotations

Branches:
Dungeon (1/1)

Altars:
Cheibriados
Dithmenos
Elyvilon
Fedhas
Gozag
Hepliaklqana
Kikubaaqudgha
Makhleb
Nemelex Xobeh
Okawaru
Qazlal
Ru
Sif Muna
Trog
Uskayaw
Vehumet
Wu Jian
Xom
Yredelemnul
Zin
The Shining One
Beogh
Jiyva
Lugonu

Shops:
D !(?:!=!((?*[:[[*[*=?!(*[=![*?[=*=:(*

Annotations:
D Gloorx Vloq


Innate Abilities, Weirdness & Mutations

You cannot wear most types of armour.
You are amphibious.
You can wear up to eight rings at the same time.
Your skin changes colour to match your surroundings (Stealth+).
Your rubbery body absorbs attacks. (AC +1, EV +1)
((You are camouflaged near water. (Stealth+)))
You have tentacles for arms and can constrict up to eight enemies at once.


Message History

Your body is wracked with pain!
* * * LOW HITPOINT WARNING * * *
Press: ? - help, v - describe, . - travel
Here: an Executioner (foul pestilence, summoned)
An open door.
Unknown command.
Unknown command.
Unknown command.
Okay, then.
Okay, then.
Okay, then.
Casting: Iskenderun's Mystic Blast (safe; 1% risk of failure)
Confirm with . or Enter, or press ? or * to list all spells.
You blink.
Gloorx Vloq barely misses you. The Executioner hits you!!
* * * LOW HITPOINT WARNING * * *
The Executioner hits you but does no damage.
The Executioner barely misses you.
Press: ? - help, v - describe, . - travel, g - get item Item here: a +0 trident.
The floor, spattered with blood.
Okay, then.
Okay, then.
Unknown command.
Casting: Blink (safe; 1% risk of failure)
Confirm with . or Enter, or press ? or * to list all spells.
You blink.
The Executioner gestures.
The Executioner seems to speed up.
Really wriggl into a travel-excluded area?
You feel much better. The Executioner hits you!!
* * * LOW HITPOINT WARNING * * *
The Executioner closely misses you. The Executioner hits you.
* * * LOW HITPOINT WARNING * * *
You block the Executioner's attack. x2; The Executioner closely misses you.
Gloorx Vloq calls on the powers of darkness!
You feel a surge of unholy energy.
Casting: Blink (safe; 1% risk of failure)
Confirm with . or Enter, or press ? or * to list all spells.
You blink.
You are engulfed in freezing vapours.
You resist.
You die...

#####≈≈####&..####≈§.....§#'#####
..'.##≈≈≈#.1#..#≈≈≈≈≈§≈§§≈#(.._._
..#'##'#≈##.§.##≈≈≈≈§≈≈§.§#_._._.
.##.##.#≈≈##'##≈≈≈§≈§≈≈≈§≈#._._._
##.°○####°≈≈≈≈≈≈≈≈§≈≈≈≈≈≈≈#_._._.
#..°°.# #'''#'''#≈≈≈≈≈≈§≈≈#._._._
#.°.°.###°°°....##≈§§###≈≈#_._._.
#.°°..##○°°°°°.°.##§≈#.#§§#._._..
°°°°.°+°○.°○☼°°°@°+≈§#'#§§#.._...
#..○..##°°°○°○○☼○##≈§≈§≈≈≈#######
#°°°°○###.°°○○○○###########≈≈≈≈≈≈
#..°°°#∩####+####≈°≈≈○°°###≈#####
##°..##....#####§§≈°≈°≈°≈##÷#|)).
###.##∩......^+§§°°°≈°≈°§≈'≈#....
)^###########.##≈≈≈≈≈°≈°≈####.[[.
#..)))|)...[#^.##°≈≈°°≈°#####}.).
#############...#########)...|..}


You could see an Executioner (summoned, fast).

Vanquished Creatures
  A royal mummy (D)
  the Lernaean hydra (D)
  2 golden dragons (D)
  A bone dragon (D)
  An electric golem (D)
  A hellephant (D)
  A deep elf blademaster (D)
  A deep elf master archer (D)
  Gastronok (D)
  A kraken (D)
  Kirke (D)
  2 storm dragons (D)
  2 sphinxes (D)
  A frost giant (D)
  An orc warlord (D)
  A cacodemon (D)
  A draconian shifter (D)
  A vampire knight (D)
  Nessos (D)
  A dire elephant (D)
  A crystal guardian (D)
  A fire dragon (D)
  A yaktaur captain (D)
  A deep elf high priest (D)
  An ice dragon (D)
  A centaur warrior (D)
  An iron elemental (D)
  2 hell hogs (D)
  Sonja (D)
  An iron golem (D)
  3 sixfirhies (D)
  A skeletal warrior (D)
  2 deep trolls (D)
  2 death drakes (D)
  A glowing orange brain (D)
  An orange crystal statue (D)
  An obsidian statue (D)
  A harpy (D)
  3 orc sorcerers (D)
  An oklob plant (D)
  3 shining eyes (D)
  3 manticores (D)
  3 toenail golems (D)
  A merfolk siren (D)
  An ice statue (D)
  An elephant (D)
  An eye of devastation (D)
  2 cane toads (D)
  2 unseen horrors (D)
  A yaktaur (D)
  5 polar bears (D)
  A hornet (D)
  3 slime creatures (D)
  6 flying skulls (D)
  A redback (D)
  3 yaks (D)
  5 wyverns (D)
  4 neqoxecs (D)
  A vampire mosquito (D)
  Menkaure (D)
  7 water moccasins (D)
  2 swamp drakes (D)
  3 black bears (D)
  5 necrophages (D)
  2 earth elementals (D)
  4 scorpions (D)
  9 electric eels (D)
  4 lava snakes (D)
  4 orc priests (D)
  A jelly (D)
  An iron imp (D)
  A spectral bat (D)
  A spectral quokka (D)
  A tentacle (D)
143 creatures vanquished.

Vanquished Creatures (collateral kills)
  A kobold demonologist (D)
  A redback (D)
2 creatures vanquished.

Vanquished Creatures (others)
  A golden eye (D)
  67 foxfires (D)
  14 tentacles (D)
82 creatures vanquished.

Grand Total: 227 creatures vanquished

Notes
Turn   | Place    | Note
-------+----------+-------------------------------------------
     0 | D        | Conn the Octopode Fire Elementalist began the quest for the
                  | Orb.
     0 | D        | Reached XP level 1. HP: 11/11 MP: 3/3
     1 | D        | Noticed a necrophage
     1 | D        | Noticed a necrophage
     1 | D        | Noticed a necrophage
     1 | D        | Noticed a necrophage
     7 | D        | Killed a necrophage
     8 | D        | Reached skill level 1 in Unarmed Combat
     8 | D        | Reached skill level 3 in Spellcasting
     8 | D        | Reached XP level 2. HP: 17/17 MP: 3/6
     8 | D        | Reached XP level 3. HP: 21/21 MP: 4/8
     8 | D        | Reached XP level 4. HP: 27/27 MP: 4/9
    10 | D        | Killed a necrophage
    11 | D        | Reached skill level 5 in Stealth
    11 | D        | Reached skill level 4 in Spellcasting
    11 | D        | Reached XP level 5. HP: 31/31 MP: 4/12
    14 | D        | Killed a necrophage
    15 | D        | Reached skill level 5 in Dodging
    15 | D        | Reached skill level 5 in Spellcasting
    15 | D        | Reached XP level 6. HP: 33/36 MP: 4/13
    18 | D        | Killed a necrophage
    19 | D        | Reached skill level 10 in Fire Magic
   135 | D        | Learned a level 3 spell: Conjure Flame
   139 | D        | Learned a level 3 spell: Inner Flame
   144 | D        | Learned a level 4 spell: Sticky Flame
   150 | D        | Learned a level 5 spell: Fireball
   164 | D        | Reached skill level 6 in Spellcasting
   164 | D        | Reached XP level 7. HP: 38/41 MP: 7/16
   259 | D        | Found Nupouzac's Antique Armour Shop.
   259 | D        | Found Howuis's Jewellery Boutique.
   259 | D        | Found Qewe's Magic Scroll Boutique.
   260 | D        | Found Kattue's Distillery.
   260 | D        | Found Fiups's Magic Scroll Boutique.
   260 | D        | Found Opnyid's Jewellery Shop.
   260 | D        | Found Ruvom's General Store.
   261 | D        | Found Ceil's Book Boutique.
   261 | D        | Found Boamoxu's Antique Armour Shop.
   261 | D        | Noticed a cane toad
   262 | D        | Found Parph's Distillery.
   262 | D        | Found Koshamy's Antique Armour Boutique.
   263 | D        | Found Huesm's Antique Weapon Boutique.
   263 | D        | Found Unuinlo's Distillery.
   263 | D        | Noticed Menkaure
   263 | D        | Noticed a cane toad
   263 | D        | Noticed an oklob plant
   270 | D        | Killed Menkaure
   271 | D        | Reached skill level 7 in Spellcasting
   271 | D        | Noticed a polar bear
   272 | D        | Found Enagimac's Book Shoppe.
   272 | D        | Found Asywaf's Magic Scroll Boutique.
   274 | D        | Noticed a polar bear
   277 | D        | Noticed a shining eye
   277 | D        | Noticed a shining eye
   278 | D        | Noticed a shining eye
   287 | D        | Bought a book of Minor Magic for 200 gold pieces
   290 | D        | Learned a level 2 spell: Blink
   293 | D        | Learned a level 2 spell: Call Imp
   297 | D        | Bought a scroll of blinking for 90 gold pieces
   297 | D        | Bought a scroll of fear for 42 gold pieces
   311 | D        | Bought a potion of lignification for 36 gold pieces
   311 | D        | Bought a potion of heal wounds for 60 gold pieces
   312 | D        | Bought a potion of curing for 33 gold pieces
   334 | D        | Reached skill level 1 in Translocations
   341 | D        | Found a glowing golden altar of the Shining One.
   341 | D        | Found an ornate altar of the Wu Jian Council.
   342 | D        | Found a shimmering altar of Xom.
   342 | D        | Found a sacrificial altar of Ru.
   343 | D        | Found a basalt altar of Yredelemnul.
   343 | D        | Found a shimmering blue altar of Sif Muna.
   344 | D        | Found a glowing silver altar of Zin.
   344 | D        | Found a bloodstained altar of Trog.
   344 | D        | Found an ancient bone altar of Kikubaaqudgha.
   344 | D        | Found a stormy altar of Qazlal.
   344 | D        | Found a viscous altar of Jiyva.
   345 | D        | Found a hide-covered altar of Uskayaw.
   345 | D        | Found a corrupted altar of Lugonu.
   345 | D        | Found a shadowy altar of Dithmenos.
   346 | D        | Found a radiant altar of Vehumet.
   346 | D        | Found a burning altar of Makhleb.
   346 | D        | Found a white marble altar of Elyvilon.
   347 | D        | Found a sparkling altar of Nemelex Xobeh.
   347 | D        | Found a blossoming altar of Fedhas.
   349 | D        | Found an iron altar of Okawaru.
   349 | D        | Found an opulent altar of Gozag.
   349 | D        | Found a hazy altar of Hepliaklqana.
   349 | D        | Found a snail-covered altar of Cheibriados.
   349 | D        | Noticed a hornet
   349 | D        | Noticed a polar bear
   350 | D        | Noticed a yaktaur
   354 | D        | Became a worshipper of Sif Muna the Loreminder
   361 | D        | Noticed a polar bear
   364 | D        | Noticed a polar bear
   366 | D        | Killed a polar bear
   366 | D        | Killed a hornet
   367 | D        | Reached skill level 8 in Spellcasting
   367 | D        | Reached XP level 8. HP: 15/46 MP: 13/20
   369 | D        | Killed a polar bear
   369 | D        | Reached * piety under Sif Muna
   370 | D        | Reached skill level 5 in Conjurations
   372 | D        | Killed a yaktaur
   373 | D        | Reached skill level 9 in Spellcasting
   375 | D        | Killed a polar bear
   376 | D        | Reached XP level 9. HP: 44/51 MP: 1/22
   405 | D        | Noticed a kraken
   638 | D        | Learned a level 3 spell: Mephitic Cloud
   641 | D        | Learned a level 2 spell: Slow
   788 | D        | Reached ** piety under Sif Muna
   789 | D        | Reached skill level 1 in Hexes
   789 | D        | Reached skill level 1 in Air Magic
   789 | D        | Reached skill level 1 in Poison Magic
   909 | D        | Noticed a merfolk siren
   928 | D        | Killed a merfolk siren
   929 | D        | Reached skill level 10 in Spellcasting
   929 | D        | Reached skill level 5 in Invocations
   949 | D        | Noticed an ice statue
   961 | D        | Reached *** piety under Sif Muna
   976 | D        | Bought a scroll of acquirement for 520 gold pieces
   976 | D        | Acquired 903 gold pieces
   982 | D        | Bought a glowing buckler for 172 gold pieces
  1045 | D        | Bought an ichor-stained dagger for 217 gold pieces
  1045 | D        | Identified the +4 dagger of the Eel {vorpal, rPois Str+3
                  | Int+7} (You bought it in a shop in the Dungeon)
  1049 | D        | Noticed a yaktaur captain
  1049 | D        | Noticed a kobold demonologist
  1053 | D        | Bought the ring "Wiwuim" {+Blink rElec rN+ rCorr Stlth-}
                  | for 438 gold pieces
  1061 | D        | Noticed a centaur warrior
  1061 | D        | Noticed Kirke
  1085 | D        | Noticed a skeletal warrior
  1095 | D        | Noticed an elephant
  1123 | D        | Killed an elephant
  1123 | D        | Killed a centaur warrior
  1124 | D        | Reached skill level 1 in Fighting
  1124 | D        | Reached XP level 10. HP: 58/58 MP: 3/24
  1129 | D        | Killed a yaktaur captain
  1129 | D        | Reached **** piety under Sif Muna
  1130 | D        | Reached skill level 11 in Spellcasting
  1133 | D        | Killed a skeletal warrior
  1134 | D        | Reached skill level 5 in Poison Magic
  1142 | D        | Killed Kirke
  1143 | D        | Reached skill level 12 in Spellcasting
  1143 | D        | Reached skill level 5 in Air Magic
  1143 | D        | Killed a kobold demonologist
  1144 | D        | Reached skill level 10 in Conjurations
  1144 | D        | Reached XP level 11. HP: 35/63 MP: 10/27
  1146 | D        | Reached ***** piety under Sif Muna
  1164 | D        | Bought a ring of fire for 250 gold pieces
  1182 | D        | Bought a potion of heal wounds for 60 gold pieces
  1289 | D        | Received a gift from Sif Muna
  1290 | D        | Reached skill level 10 in Stealth
  1306 | D        | Learned a level 3 spell: Ignite Poison
  1491 | D        | Noticed a fire dragon
  1913 | D        | Killed a kraken
  1914 | D        | Reached skill level 13 in Spellcasting
  2053 | D        | Learned a level 4 spell: Petrify
  2060 | D        | Received a gift from Sif Muna
  2062 | D        | Reached skill level 1 in Transmutations
  2062 | D        | Reached skill level 1 in Earth Magic
  2064 | D        | Got Sif Muna's Compendium of Summoning {god gift}
  2070 | D        | Learned a level 4 spell: Summon Lightning Spire
  2164 | D        | Noticed a sixfirhy
  2444 | D        | Noticed a deep troll
  2444 | D        | Noticed a deep troll
  2449 | D        | Killed a deep troll
  2449 | D        | Killed a deep troll
  2520 | D        | Noticed a sphinx
  2522 | D        | Noticed a sphinx
  2531 | D        | Killed a sphinx
  2532 | D        | Killed a sphinx
  2532 | D        | Received a gift from Sif Muna
  2533 | D        | Reached XP level 12. HP: 69/69 MP: 9/29
  2535 | D        | Got Sif Muna's Guide on Hurtful Curses {god gift}
  2581 | D        | Learned a level 3 spell: Stone Arrow
  2664 | D        | Found Akeogamp's Book Shoppe.
  2665 | D        | Found Tyhasea's Assorted Antiques.
  2679 | D        | Bought a book of Conjurations for 330 gold pieces
  2681 | D        | Bought a triangular golden amulet for 140 gold pieces
  2901 | D        | Found Keinupega's Antique Weapon Emporium.
  2902 | D        | Found Fodgh's Armour Boutique.
  2905 | D        | Noticed Nessos
  2924 | D        | Killed Nessos
  2925 | D        | Reached skill level 1 in Shields
  2925 | D        | Reached skill level 5 in Transmutations
  2925 | D        | Reached skill level 5 in Earth Magic
  3080 | D        | Identified the +3 chain mail of the Vestibule of Hell
                  | {rPois rF+ Int-3 Slay+6}
  3080 | D        | Identified the ring "Asuloi" {rC+ rN+ Str+4 Dex+3}
  3264 | D        | Noticed Gastronok
  3289 | D        | Killed Gastronok
  3290 | D        | Reached skill level 14 in Spellcasting
  3448 | D        | Noticed a dire elephant
  3456 | D        | Received a gift from Sif Muna
  3466 | D        | Killed a dire elephant
  3498 | D        | Acquired the ring "Puathaes" {Wiz rF++ Str+2}
  3527 | D        | Identified the +8 falchion "Wibes" {vorpal, Int+4}
  3530 | D        | Identified the +7 long sword of Elagaega {venom, *Rage rC+
                  | Int+3 Dex+3}
  3570 | D        | Acquired 1035 gold pieces
  3572 | D        | Acquired a book of the Earth
  3574 | D        | Acquired 1023 gold pieces
  3611 | D        | Learned a level 6 spell: Iron Shot
  3616 | D        | Learned a level 4 spell: Iskenderun's Mystic Blast
  3623 | D        | Learned a level 5 spell: Bolt of Magma
  3641 | D        | Reached skill level 5 in Shields
  3812 | D        | Noticed a deep elf blademaster
  3833 | D        | Received a gift from Sif Muna
  4035 | D        | Killed a deep elf blademaster
  4036 | D        | Reached skill level 15 in Spellcasting
  4036 | D        | Reached skill level 1 in Evocations
  4036 | D        | Reached XP level 13. HP: 74/74 MP: 32/32
  4139 | D        | Noticed a hellephant
  4139 | D        | Noticed Sonja
  4143 | D        | Killed Sonja
  4144 | D        | Noticed a red draconian shifter
  4155 | D        | Killed a red draconian shifter
  4237 | D        | Killed a hellephant
  4238 | D        | Reached skill level 16 in Spellcasting
  4442 | D        | Killed a fire dragon
  4527 | D        | Bought the Handbook of Conjuration for 783 gold pieces
  4536 | D        | Learned a level 7 spell: Orb of Destruction
  4540 | D        | Bought a scroll of acquirement for 624 gold pieces
  4541 | D        | Acquired the amulet "Ekir" {RegenMP Int+4 Stlth+}
  4561 | D        | Bought a ring of ice for 250 gold pieces
  4562 | D        | Bought a ring of protection from cold for 250 gold pieces
  4567 | D        | Bought a runed buckler for 217 gold pieces
  4584 | D        | Bought a scroll of fear for 35 gold pieces
  4588 | D        | Bought 2 scrolls of fear for 70 gold pieces
  4590 | D        | Bought a potion of curing for 36 gold pieces
  4590 | D        | Bought a potion of heal wounds for 60 gold pieces
  4591 | D        | Bought a scroll of blinking for 90 gold pieces
  4599 | D        | Bought a potion of curing for 36 gold pieces
  4599 | D        | Bought a potion of curing for 36 gold pieces
  4599 | D        | Bought a potion of curing for 36 gold pieces
  4599 | D        | Bought a potion of curing for 36 gold pieces
  4600 | D        | Bought a potion of haste for 110 gold pieces
  4600 | D        | Bought 2 potions of heal wounds for 110 gold pieces
  4600 | D        | Bought a potion of lignification for 33 gold pieces
  4625 | D        | Learned a level 8 spell: Ignition
  4629 | D        | Noticed a cacodemon
  4630 | D        | Noticed a bone dragon
  4630 | D        | Noticed a golden dragon
  4633 | D        | Killed a cacodemon
  4634 | D        | Reached skill level 15 in Fire Magic
  4634 | D        | Noticed a storm dragon
  4637 | D        | Noticed a deep elf high priest
  4644 | D        | Noticed a frost giant
  4649 | D        | Killed a storm dragon
  4650 | D        | Reached skill level 5 in Translocations
  4653 | D        | Killed a golden dragon
  4654 | D        | Reached skill level 17 in Spellcasting
  4654 | D        | Killed a deep elf high priest
  4668 | D        | Killed a frost giant
  4668 | D        | Received a gift from Sif Muna
  4674 | D        | Killed a bone dragon
  4921 | D        | Got Sif Muna's Catalogue of Battle Magic and Poison {god
                  | gift}
  4941 | D        | Acquired the +2 shield of Resistance {rF++ rC++ Will++}
  4942 | D        | Found the +2 shield of Resistance {rF++ rC++ Will++}
  4981 | D        | Bought a ring of wizardry for 300 gold pieces
  4984 | D        | Bought a ring of wizardry for 300 gold pieces
  5024 | D        | Reached skill level 18 in Spellcasting
  5024 | D        | Reached XP level 14. HP: 73/81 MP: 36/36
  5026 | D        | Received a gift from Sif Muna
  5027 | D        | Reached skill level 10 in Shields
  5031 | D        | Got Moemuyn's Handbook of Displaced Earth {god gift}
  5130 | D        | Found Talecler's Distillery.
  5130 | D        | Found Ludod's Distillery.
  5130 | D        | Found Jiurag's Antique Weapon Shop.
  5130 | D        | Found Faygir's Jewellery Shoppe.
  5130 | D        | Found Xytudo's General Store.
  5131 | D        | Found Taciqyfaopn's Magic Scroll Shoppe.
  5131 | D        | Found Veal's Assorted Antiques.
  5131 | D        | Found Umeshaomp's Assorted Antiques.
  5131 | D        | Found Cutiesch's Antique Armour Shop.
  5131 | D        | Found Ynarosheeg's Armour Emporium.
  5131 | D        | Found Ogos's Armour Shop.
  5131 | D        | Found Omoa's Assorted Antiques.
  5153 | D        | Bought the ring "Marchik" {AC+4 Str+6 Slay-6} for 396 gold
                  | pieces
  5162 | D        | Bought a ring of see invisible for 165 gold pieces
  5189 | D        | Found Wuned's Assorted Antiques.
  5189 | D        | Found Feroz's Weapon Shoppe.
  5189 | D        | Found Qobbuck's Jewellery Emporium.
  5189 | D        | Found Wyitseof's Jewellery Boutique.
  5189 | D        | Noticed a storm dragon
  5193 | D        | Killed a storm dragon
  5238 | D        | Noticed a golden dragon
  5243 | D        | Killed a golden dragon
  5248 | D        | Acquired 862 gold pieces
  5250 | D        | Acquired 557 gold pieces
  5252 | D        | Acquired 907 gold pieces
  5378 | D        | Bought a potion of experience for 550 gold pieces
  5378 | D        | Reached XP level 15. HP: 85/85 MP: 37/37
  5382 | D        | Bought a scroll of acquirement for 676 gold pieces
  5382 | D        | Acquired 818 gold pieces
  5390 | D        | Bought a small coral ring for 100 gold pieces
  5403 | D        | Bought a scroll of blinking for 97 gold pieces
  5438 | D        | Bought a +6 ring of intelligence for 585 gold pieces
  5440 | D        | Bought a +6 ring of intelligence for 585 gold pieces
  5485 | D        | Reached skill level 15 in Conjurations
  5499 | D        | Reached skill level 19 in Spellcasting
  5504 | D        | Noticed the 27-headed Lernaean hydra
  5713 | D        | Noticed an orc warlord
  5730 | D        | Received a gift from Sif Muna
  5782 | D        | Killed an orc warlord
  5823 | D        | Received a gift from Sif Muna
  5824 | D        | Got Sif Muna's Papyrus of Attacks {god gift}
  5857 | D        | Killed the 27-headed Lernaean hydra
  5857 | D        | Reached ****** piety under Sif Muna
  5858 | D        | Reached skill level 20 in Spellcasting
  5889 | D        | Found Pewkuxuo's Weapon Shoppe.
  5895 | D        | Acquired a manual of Fire Magic
  5931 | D        | Identified the +3 whip of the Pharaoh's Fist {freeze, rC+}
  5978 | D        | Learned a level 6 spell: Dispersal
  6171 | D        | Received a gift from Sif Muna
  6172 | D        | Got Sif Muna's Grimoire of Enchanting Feathers {god gift}
  6434 | D        | Noticed an electric golem
  6439 | D        | Killed an electric golem
  6567 | D        | Received a gift from Sif Muna
  6726 | D        | Noticed a deep elf master archer
  6728 | D        | Killed a deep elf master archer
  6728 | D        | Received a gift from Sif Muna
  6729 | D        | Reached skill level 21 in Spellcasting
  6729 | D        | Reached skill level 10 in Earth Magic
  6729 | D        | Got Sif Muna's Incunabulum of Unholy Secrets and
                  | Translocation {god gift}
  6864 | D        | Noticed a royal mummy
  6864 | D        | Noticed a curse toe
  6875 | D        | Received a gift from Sif Muna
  7055 | D        | Noticed Gloorx Vloq
  7056 | D        | Noticed an Executioner
  7056 | D        | Noticed an Executioner
  7057 | D        | Killed a royal mummy
  7058 | D        | Reached XP level 16. HP: 19/91 MP: 14/41
  7058 | D        | Noticed an Executioner
  7058 | D        | Noticed an Executioner
  7058 | D        | Noticed an Executioner
  7060 | D        | Noticed an Executioner
  7060 | D        | Noticed an Executioner
  7060 | D        | Noticed an Executioner
  7062 | D        | HP: 1/91 [Executioner[Gloorx Vloq] (21)]
  7066 | D        | Engulfed by a cloud of freezing vapour

Illustrated notes

Levels and vault maps discovered:
D:        the_violet_keep_of_menkaure [sprint2_stairs_cluster_1,
          sprint2_shoproom, sprint2_temple, sprint2_basic_supplies,
          sprint2_obstacle_2, sprint2_obstacle_5, sprint2_obstacle_7,
          sprint2_obstacle_3, sprint2_obstacle_4, sprint2_timed_cluster_1,
          sprint2_smallroom_cluster_1, sprint2_smallroom_final_cluster_1,
          sprint2_transparent_cluster_1, sprint2_second_timed_cluster_1,
          sprint2_sniper_area_1, sprint2_heavy_combat_area_1,
          sprint2_mutation_trap_area_1, sprint2_forest_area_1,
          sprint2_light_combat_area_1, sprint2_behind_water_1,
          sprint2_near_end_vault_1]

Skill      XL: |  1  2  3  4  5  6  7  8  9 10 11 12 13 14 15 |
---------------+----------------------------------------------+-----
Dodging        | 3 4 5 6 7 8 9 |  9.4
Stealth        | 4 5 6 7 8 9 11 12 | 12.0
Unarmed Combat | 1 2 3 |  3.6
Spellcasting   | 3 4 5 6 8 9 10 12 13 15 18 21 | 21.4
Fire Magic     | 6 8 9 10 11 12 13 14 15 16 18 | 18.9
Conjurations   | 2 4 5 8 10 11 12 14 17 | 17.3
Translocations | 2 4 6 7 8 |  8.1
Invocations    | 2 4 6 7 |  7.0
Hexes          | 1 |  1.4
Air Magic      | 3 5 6 7 |  7.5
Poison Magic   | 4 6 7 8 9 |  9.2
Fighting       | 1 2 |  2.4
Summonings     | 2 3 |  3.0
Transmutations | 4 6 |  6.0
Earth Magic    | 4 7 9 10 | 10.1
Shields        | 6 9 10 | 10.0
Evocations     | 1 4 |  4.2

Action                   |  1- 3 |  4- 6 |  7- 9 | 10-12 | 13-15 | 16-18 || total
-------------------------+-------+-------+-------+-------+-------+-------++-------
Melee: Unarmed           |     5 |    12 |     5 |       |       |       ||    22
       Constrict         |     1 |     3 |     1 |     6 |       |       ||    11
       Tentacles         |     1 |     2 |       |     2 |     1 |       ||     6
       Punch             |       |     2 |       |       |       |       ||     2
       Dagger            |       |       |       |    23 |     6 |       ||    29
 Cast: Sticky Flame      |       |     2 |     5 |     8 |       |       ||    15
       Foxfire           |       |       |    16 |    20 |       |       ||    36
       Fireball          |       |       |    15 |    58 |    29 |       ||   102
       Inner Flame       |       |       |     2 |       |       |       ||     2
       Conjure Flame     |       |       |     3 |       |       |       ||     3
       Mephitic Cloud    |       |       |     3 |    19 |     2 |       ||    24
       Call Imp          |       |       |     1 |     1 |       |       ||     2
       Summon Lightning  |       |       |       |     3 |       |       ||     3
       Ignite Poison     |       |       |       |     2 |       |       ||     2
       Blink             |       |       |       |     4 |    17 |     3 ||    24
       Bolt of Magma     |       |       |       |     3 |     7 |       ||    10
       Iron Shot         |       |       |       |     1 |    25 |       ||    26
       Petrify           |       |       |       |     1 |     3 |       ||     4
       Orb of Destructio |       |       |       |       |    28 |     1 ||    29
       Iskenderun's Myst |       |       |       |       |    15 |     1 ||    16
       Ignition          |       |       |       |       |    11 |       ||    11
       Dispersal         |       |       |       |       |     2 |       ||     2
Invok: Channel Magic     |       |       |       |     3 |     1 |       ||     4
       Forget Spell      |       |       |       |     5 |     4 |       ||     9
Evoke: Phial of floods   |       |       |       |     1 |       |       ||     1
  Use: Potion            |     1 |       |     2 |     6 |     4 |     3 ||    16
       Scroll            |       |       |     1 |    10 |    11 |       ||    22
 Stab: Sleeping          |       |       |       |     4 |       |       ||     4
       Confused          |       |       |       |     2 |       |       ||     2
       Petrified         |       |       |       |       |     1 |       ||     1
Armor: Skin              |       |     1 |       |     3 |     1 |     1 ||     6
Dodge: Dodged            |     2 |     5 |    11 |    24 |    14 |     4 ||    60
Block: Buckler           |       |       |       |     8 |     5 |       ||    13
       Kite shield       |       |       |       |       |     6 |     2 ||     8
       Rpst.: Long sword |       |       |       |       |     1 |       ||     1

Table legend: (Time is in decaauts)
 A = Elapsed time spent in this place.
 B = Non-inter-level travel time spent in this place.
 C = Inter-level travel time spent in this place.
 D = Time resting spent in this place.
 E = Time spent auto-exploring this place.
 F = Levels seen in this place.
 G = Mean time per level.
                   A        B        C        D        E       F      G
               +--------+--------+--------+--------+--------+-----+--------+
         Total |   7153 |   7092 |     61 |   4072 |      0 |   1 | 7153.0 |
       Dungeon |   7153 |   7092 |     61 |   4072 |      0 |   1 | 7153.0 |
               +--------+--------+--------+--------+--------+-----+--------+

Top non-repeatable levels by time:
       D: 7153 daAuts
